 Dungeon Crawl Stone Soup version 0.20.1-1-g8b1a95d (webtiles) character file.

30 Melbolja the Caller (level 3, 0/19 HPs)
             Began as a Deep Elf Summoner on Oct 2, 2017.
             Slain by a gnoll
             ... wielding a +0 whip
              (3 damage)
             ... on level 3 of the Dungeon.
             The game lasted 00:11:55 (1257 turns).

Melbolja the Caller (Deep Elf Summoner)             Turns: 1257, Time: 00:11:55

Health: 0/19       AC:  2    Str:  4 (5)  XL:     3   Next: 5%
Magic:  1/9        EV: 13    Int: 16 (19) God:
Gold:   14         SH:  0    Dex: 14 (16) Spells: 5/8 levels left

rFire    . . .     SeeInvis .   e - +0 hunting sling
rCold    . . .     Gourm    .   (no shield)
rNeg     . . .     Faith    .   a - +0 robe
rPois    .         Spirit   .   (no helmet)
rElec    .         Reflect  .   (no cloak)
rCorr    .         Harm     .   (no gloves)
MR       .....                  (no boots)
Stlth    ++........             (no amulet)
Regen    0.1/turn               (no ring)
MPRegen  0.2/turn               (no ring)

@: no status effects
A: no striking features
a: no special abilities


You were on level 3 of the Dungeon.
You were not hungry.

You visited 1 branch of the dungeon, and saw 3 of its levels.

You collected 14 gold pieces.

Inventory:

Hand Weapons
 e - a +0 hunting sling (weapon)
 f - a +0 dagger
Missiles
 d - 32 stones (quivered)
Armour
 a - a +0 robe (worn)
Scrolls
 h - a scroll of enchant weapon {unknown}
 i - 3 scrolls of identify {unknown}
 k - a scroll of enchant armour {unknown}
Books
 b - a book of Callings

   Spells                             Type                      Level
   a - Summon Small Mammal            Summoning                    1
   b - Call Imp                       Summoning                    2
   c - Call Canine Familiar           Summoning                    3
   d - Summon Guardian Golem          Hexes/Summoning              3
   e - Summon Lightning Spire         Summoning/Air                4
   f - Summon Ice Beast               Ice/Summoning                4


   Skills:
 + Level 0.2 Fighting
 + Level 1.2 Slings
 + Level 2.4 Dodging
 + Level 2.6 Stealth
 + Level 3.3 Spellcasting
 + Level 4.7 Summonings


You had 5 spell levels left.
You knew the following spells:

 Your Spells              Type           Power        Failure   Level  Hunger
a - Summon Small Mammal   Summ           ###.         2%          1    None
b - Call Imp              Summ           ###.....     4%          2    ##.....


Dungeon Overview and Level Annotations

Branches:
Dungeon (3/15)

Altars:


Message History

Your crimson imp blinks!
Firing (i - inventory):
d - 35 stones (quivered)
Press: ? - help, Shift-Dir - straight line, f/p - gnoll
Aim: a gnoll, wielding a whip and wearing a chain mail (severely wounded)
You shoot a stone.
The stone hits the gnoll but does no damage.
The gnoll is severely wounded.
Firing (i - inventory):
d - 34 stones (quivered)
Press: ? - help, Shift-Dir - straight line, f/p - gnoll
Aim: a gnoll, wielding a whip and wearing a chain mail (severely wounded)
You shoot a stone. The stone closely misses the gnoll.
Your crimson imp barely misses the gnoll.
Your crimson imp blinks!
Firing (i - inventory):
d - 33 stones (quivered)
Press: ? - help, Shift-Dir - straight line, f/p - gnoll
Aim: a gnoll, wielding a whip and wearing a chain mail (severely wounded)
You shoot a stone. The stone hits the gnoll.
The gnoll is severely wounded.
The gnoll hits you with a whip.
You die...

... #.# #.# #.#
#.##
#######..######
#.......#......
##@.# ##.g.##
#.....#
##ยง((## ##(##
#.# #.# ##(##
##.(.##


You could see a gnoll.

Vanquished Creatures
  A dart slug (D:1)
  A leopard gecko (D:1)
  2 ball pythons (D:1)
  3 goblins (D:1)
  A hobgoblin (D:1)
  2 kobolds
  4 bats
  A frilled lizard (D:2)
  4 rats (D:1)
19 creatures vanquished.

Vanquished Creatures (collateral kills)
  A giant cockroach (D:1)
  A goblin (D:1)
  2 hobgoblins (D:1)
  2 jackals (D:1)
  A kobold (D:1)
  2 bats (D:1)
  A frilled lizard (D:3)
10 creatures vanquished.

Grand Total: 29 creatures vanquished

Notes
Turn   | Place    | Note
-------+----------+-------------------------------------------
     0 | D:1      | Melbolja the Deep Elf Summoner began the quest for the Orb.
     0 | D:1      | Reached XP level 1. HP: 10/10 MP: 6/6
   485 | D:1      | Reached XP level 2. HP: 15/15 MP: 8/8
   489 | D:1      | Learned a level 2 spell: Call Imp
   788 | D:1      | Reached skill level 1 in Slings
  1103 | D:2      | Reached XP level 3. HP: 16/19 MP: 9/9
  1257 | D:3      | Slain by a gnoll

Skill      XL: |  1  2 |
---------------+-------+-----
Slings         | 1 |  1.2
Fighting       | |  0.2
Dodging        | |  2.4
Stealth        | |  2.6
Spellcasting   | |  3.3
Summonings     | |  4.7

Action                   || total
-------------------------++-------
Melee: Dagger            ||     2
 Fire: Hunting sling     ||    80
 Cast: Summon Small Mamm ||     6
       Call Imp          ||    13
  Use: Potion            ||     2
  Eat: Bread ration      ||     1
Armor: Robe              ||     6
Dodge: Dodged            ||    32
